 Dungeon Crawl Stone Soup version bcrawl-1.13.2 (webtiles) character file.

Game seed: 18119408776714989064

55 Felnil the Skirmisher (level 3, -9/24 HPs)
             Began as a Skeleton Fighter on Aug 12, 2019.
             Killed by divine providence
             ... invoked by an orc priest
              (10 damage)
             ... on level 2 of the Dungeon.
             The game lasted 00:03:08 (1194 turns).

Felnil the Skirmisher (Skeleton Fighter)            Turns: 1194, Time: 00:03:08

Health: -9/24      AC:  6    Str: 23      XL:     3   Next: 67%
Magic:  0/3        EV:  8    Int:  5 (6)  God:
Gold:   129        SH: 10    Dex:  7 (8)  Spells: 2/2 levels left

rFire    + . .     SeeInvis .   a - +1 rapier
rCold    + . .     Gourm    .   c - +1 shield
rNeg     + + +     Faith    .   b - +0 scale mail
rPois    ∞         Spirit   +   (no helmet)
rElec    +         Reflect  .   (no cloak)
rCorr    .         Harm     .   (no gloves)
MR       .....                  (no boots)
Stlth    ..........             (no amulet)
HPRegen  0.08/turn              j - ring of protection from fire
MPRegen  0.08/turn              g - ring of insulation

@: about to teleport
A: no food or potions, cold resistance 1, deterioration 1, negative energy
resistance 3, torment resistance, unbreathing, magic shield, sturdy frame 1,
spell healing
a: no special abilities


You were on level 2 of the Dungeon.
You were not hungry.

You visited 1 branch of the dungeon, and saw 2 of its levels.

You collected 129 gold pieces.

Inventory:

Hand Weapons
 a - a +1 rapier (weapon)
Armour
 b - a +0 scale mail (worn)
 c - a +1 shield (worn)
Jewellery
 g - a ring of insulation (right hand)
 j - a ring of protection from fire (left hand)
Scrolls
 d - 2 scrolls of teleportation
 e - 2 scrolls of identify
 f - 2 scrolls of amnesia
 h - a scroll of fog {unknown}


   Skills:
 + Level 4.7 Fighting
 - Level 2.4 Short Blades
 - Level 3.2 Armour
 - Level 3.6 Shields


You had 2 spell levels left.
You didn't know any spells.
Your spell library was empty.

Dungeon Overview and Level Annotations

Branches:
Dungeon (2/12)

Altars:
Ashenzari
Elyvilon
Fedhas


Innate Abilities, Weirdness & Mutations

You do not eat or drink.
You are immune to poison.
Your flesh is cold resistant. (rC+)
Your body sometimes deteriorates upon taking damage.
You are immune to negative energy. (rN+++)
You are immune to unholy pain and torment.
You can survive without breathing.
When hurt, damage is shared between your health and your magic reserves.
Your movements are slightly less encumbered by armour. (ER -2)
Casting spells heals you.


Message History

Your body deteriorates!
You feel dopey. You block the orc's attack.
An orc comes into view. It is wielding a +0 dagger.
You are too injured to fight recklessly!
You are too injured to fight recklessly!
You are too injured to fight recklessly!
The orc barely misses you.
The orc priest calls down the wrath of Beogh upon you.
Beogh smites you!
* * * LOW HITPOINT WARNING * * *
Your body deteriorates!
You feel clumsy.
You hear a shout!
Your shield and scale mail prevent you from hitting the orc.
The orc shouts!
You block the orc's attack.
As you read the scroll of teleportation, it crumbles to dust.
You feel strangely unstable.
The orc priest invokes the aid of Beogh against you.
Beogh smites you!
You die...

# ###########
.############o..o......
.........@.o.o.o....o..
##.....#####..........
#.._8_..# ###.......o
#..._...# #........
#.......# #........
###.......###############
..'.......+........%....#
###.......#.........# #.#
#####'###........%# #.##


You could see an orc priest and 4 orcs.

Vanquished Creatures
  2 oozes
  A worm (D:2)
  2 dart slugs (D:2)
  3 leopard geckos (D:1)
  A ball python (D:2)
  4 bats
  A giant cockroach (D:2)
  3 goblins
  5 hobgoblins
  4 kobolds
  2 quokkas
  4 frilled lizards (D:1)
  3 rats (D:1)
35 creatures vanquished.

Notes
Turn   | Place    | Note
-------+----------+-------------------------------------------
     0 | D:1      | Felnil the Skeleton Fighter began the quest for the Orb.
     0 | D:1      | Reached XP level 1. HP: 14/14 MP: 1/1
   194 | D:1      | Reached XP level 2. HP: 19/19 MP: 2/2
   362 | D:1      | Reached skill level 4 in Fighting
   629 | D:1      | Reached XP level 3. HP: 19/24 MP: 3/3
  1166 | D:2      | Found a blossoming altar of Fedhas.
  1166 | D:2      | Found a white marble altar of Elyvilon.
  1166 | D:2      | Found a shattered altar of Ashenzari.
  1188 | D:2      | HP: 1/24 [orc priest/divine providence (9)]
  1194 | D:2      | Killed from afar by an orc priest

Skill      XL: |  1  2 |
---------------+-------+-----
Fighting       | 4 |  4.7
Short Blades   | |  2.4
Armour         | |  3.2
Shields        | |  3.6

Action                   || total
-------------------------++-------
Melee: Rapier            ||    98
  Use: Scroll            ||     6
Armor: Scale mail        ||    32
Dodge: Dodged            ||    34
Block: Shield            ||    44
